 Dungeon Crawl Stone Soup version 0.22-a0-348-gd16d1391c7 (webtiles) character file.

665 Laan the Conjurer (level 7, -7/36 HPs)
             Began as a Deep Elf Fire Elementalist on Apr 8, 2018.
             Mangled by an ogre
             ... wielding a +0 giant spiked club
              (27 damage)
             ... on level 5 of the Dungeon.
             The game lasted 00:10:02 (5191 turns).

Laan the Conjurer (Deep Elf Fire Elementalist)      Turns: 5191, Time: 00:10:02

Health: -7/36      AC:  3    Str:  5    XL:     7   Next: 31%
Magic:  19/19      EV: 13    Int: 26    God:
Gold:   212        SH:  0    Dex: 18    Spells: 11/19 levels left

rFire    . . .     SeeInvis .   t - +11 flail "Curuxkepra" {crush, rPois rN++ MR- Int+4}
rCold    . . .     Gourm    .   (no shield)
rNeg     + + .     Faith    .   j - +0 robe
rPois    +         Spirit   .   (no helmet)
rElec    .         Reflect  .   (no cloak)
rCorr    .         Harm     .   (no gloves)
MR       .....                  r - +0 pair of boots
Stlth    ++........             (no amulet)
HPRegen  0.12/turn              h - +3 ring of dexterity
MPRegen  0.16/turn              (no ring)

@: lethally poisoned (-7 -> -10)
A: no striking features
a: no special abilities


You were on level 5 of the Dungeon.
You were not hungry.

You visited 1 branch of the dungeon, and saw 5 of its levels.
You also visited: Sewer.

You collected 212 gold pieces.

Inventory:

Hand Weapons
 a - a +0 hunting sling
 t - the +11 flail "Curuxkepra" (weapon) {crush, rPois rN++ MR- Int+4}
   (You found it in a sewer)

   It inflicts extra damage upon your enemies.
   It affects your intelligence (+4).
   It protects you from poison.
   It greatly protects you from negative energy.
   It affects your resistance to hostile enchantments.
Missiles
 k - 90 stones (quivered)
Armour
 j - a +0 robe (worn)
 r - a +0 pair of boots (worn)
Jewellery
 h - a +3 ring of dexterity (left hand)
 i - an uncursed ring of positive energy {unknown}
Scrolls
 f - 5 scrolls of identify
 n - 3 scrolls of remove curse
 q - 2 scrolls of blinking {unknown}
 s - a scroll of teleportation {unknown}
 x - a scroll of random uselessness {unknown}
Potions
 b - 2 potions of flight {unknown}
 d - 3 potions of invisibility {unknown}
 e - a potion of mutation {unknown}
 g - a potion of curing {unknown}
 l - 2 potions of brilliance {unknown}
 m - a potion of heal wounds {unknown}
 o - a potion of berserk rage {unknown}
 p - a potion of agility
 u - 2 potions of lignification {unknown}
 v - a potion of ambrosia {unknown}
Comestibles
 c - 8 rations
 w - 8 chunks of flesh


   Skills:
 - Level 2.4 Dodging
 - Level 2.4 Stealth
 + Level 6.7 Spellcasting
 * Level 7.2 Conjurations
 - Level 3.2 Fire Magic


You had 11 spell levels left.
You knew the following spells:

 Your Spells              Type           Power        Failure   Level  Hunger
a - Flame Tongue          Conj/Fire      #####        1%          1    None
b - Conjure Flame         Conj/Fire      #####...     2%          3    None
c - Sticky Flame          Conj/Fire      #####...     8%          4    ###....


Dungeon Overview and Level Annotations

Branches:
Dungeon (5/15)
 Temple: D:4-7

Altars:


Message History

You see here a notched peridot ring.
A frilled lizard is nearby!
A worker ant and an ogre come into view.
Found a scroll labeled WIOLESTRIODE.
The worker ant bites you. x2
You are poisoned.
The worker ant poisons you!
You thump the worker ant!
The worker ant is severely wounded.
You feel sick. The worker ant completely misses you.
You completely miss the worker ant.
The worker ant is severely wounded.
You feel sick. The worker ant bites you. x2
An adder zombie comes into view.
The frilled lizard hisses angrily.
Found 17 gold pieces.
Found a stone staircase leading down.
You feel sick. The frilled lizard closely misses you.
The ogre hits you with a giant spiked club!!
Ouch! That really hurt!
You die...

..# ..# .........
.....>$... #.......... .#
#......?... #.###
##Z......... #
....####........... #
.........a......... # ##..#
#..@l....>.... #..#
##...O......... ##.#
##..............
######..####...............
.........##................
.#####....#....=...........
.#####.###.......=.........
.......##..................
.###.######................


You could see an ogre, a worker ant, an adder zombie and a frilled lizard.

Vanquished Creatures
  The ghost of dcsswall the Digger, an amateur FoEE of Elyvilon (D:3)
  2 bullfrogs (Sewer)
  2 scorpions
  An iguana (D:4)
  Natasha (thrice) (D:4)
  A worker ant (D:5)
  A worker ant zombie (D:5)
  7 adders
  6 worms
  8 leopard geckos
  9 orcs
  7 giant cockroaches
  6 goblins
  8 hobgoblins
  7 jackals
  2 kobolds (D:1)
  A quokka (D:4)
  2 ball pythons (Sewer)
  6 bats
  12 frilled lizards
  5 rats
97 creatures vanquished.

Notes
Turn   | Place    | Note
-------+----------+-------------------------------------------
     0 | D:1      | Laan the Deep Elf Fire Elementalist began the quest for the Orb.
     0 | D:1      | Reached XP level 1. HP: 10/10 MP: 6/6
   262 | D:1      | Reached skill level 2 in Conjurations
   262 | D:1      | Reached XP level 2. HP: 15/15 MP: 5/8
  1033 | D:2      | Noticed a scorpion
  1040 | D:2      | Killed a scorpion
  1040 | D:2      | Reached skill level 3 in Conjurations
  1040 | D:2      | Reached XP level 3. HP: 19/19 MP: 3/10
  1040 | D:2      | Reached XP level 4. HP: 24/24 MP: 3/12
  1663 | D:2      | Reached skill level 4 in Conjurations
  2048 | D:2      | Learned a level 3 spell: Conjure Flame
  2053 | D:2      | Learned a level 4 spell: Sticky Flame
  2544 | D:3      | Reached XP level 5. HP: 28/28 MP: 5/14
  2545 | D:3      | Noticed dcsswall's ghost (amateur FoEE)
  2548 | D:3      | Killed dcsswall's ghost
  2548 | D:3      | Reached skill level 5 in Spellcasting
  2548 | D:3      | Reached skill level 5 in Conjurations
  2707 | D:3      | Reached XP level 6. HP: 32/32 MP: 13/16
  3394 | D:4      | Found a glowing drain.
  3414 | Sewer    | Entered a sewer
  3714 | Sewer    | Reached skill level 6 in Conjurations
  4019 | Sewer    | Got an ichor-stained flail
  4020 | Sewer    | Identified the +11 flail "Curuxkepra" {crush, rPois rN++ MR- Int+4} (You found it in a sewer)
  4211 | D:4      | Noticed Natasha
  4213 | D:4      | Killed Natasha
  4241 | D:4      | Reached XP level 7. HP: 32/36 MP: 18/18
  4411 | D:4      | Noticed Natasha
  4419 | D:4      | Killed Natasha
  4744 | D:4      | Noticed Natasha
  4745 | D:4      | Killed Natasha
  4797 | D:5      | Entered Level 5 of the Dungeon
  5048 | D:5      | Reached skill level 7 in Conjurations
  5191 | D:5      | Mangled by an ogre

Vault maps used:
D:1:      lemuel_arrival_lava_pool, serial_curves, eino_curves_03,
          eino_curves_02, hangedman_decor_push, minmay_pentomino_v2
D:3:      kennysheep_pointless_box
D:4:      cheibrodos_sewer_entry_bend, first_ration, amethyst_killhole,
          uniq_natasha
D:5:      uniq_duvessa
Sewer:    sewer_frog_island_01

Skill      XL: |  1  2  3  4  5  6  7 |
---------------+----------------------+-----
Conjurations   | 2 3 4 5 6 7 |  7.2
Spellcasting   | 4 5 6 |  6.7
Dodging        | |  2.4
Stealth        | |  2.4
Fire Magic     | |  3.2

Action                   |  1- 3 |  4- 6 |  7- 9 || total
-------------------------+-------+-------+-------++-------
Melee: Flail             |       |     3 |    23 ||    26
 Fire: Hunting sling     |       |    95 |       ||    95
 Cast: Flame Tongue      |    36 |    82 |    15 ||   133
  Use: Scroll            |       |     2 |       ||     2
 Stab: Sleeping          |       |       |     1 ||     1
  Eat: Chunk             |       |     9 |     4 ||    13
Armor: Robe              |     4 |     3 |     5 ||    12
Dodge: Dodged            |     6 |    13 |    26 ||    45

Table legend:
 A = Spawn XP
 B = Non-spawn XP
 C = Spawn XP percentage of total XP
 D = Spawn monster count
 E = Non-spawn monster count
 F = Spawn count percentage of total count
 G = Total turns spent on level
                    A         B        C        D         E        F      G
               +---------+---------+-------+---------+---------+-------+---------
         Total |       0 |     950 |   0.0 |       0 |      97 |   0.0 |  5191
               +---------+---------+-------+---------+---------+-------+---------
           D:1 |       0 |      32 |   0.0 |       0 |      19 |   0.0 |  1135
           D:2 |       0 |     133 |   0.0 |       0 |      17 |   0.0 |  1253
           D:3 |       0 |     238 |   0.0 |       0 |      22 |   0.0 |   796
           D:4 |       0 |     183 |   0.0 |       0 |      12 |   0.0 |   998
           D:5 |       0 |     127 |   0.0 |       0 |       9 |   0.0 |   394
         Sewer |       0 |     237 |   0.0 |       0 |      18 |   0.0 |   615
               +---------+---------+-------+---------+---------+-------+---------
